 Dungeon Crawl Stone Soup version 0.29.1-15-g9cfb28693d (webtiles) character file.

Game seed: 1964678016049283483

6315 BuddhaDhamma the Severer (level 10, 0/77 HPs)
             Began as a Minotaur Berserker on Mar 14, 2023.
             Was an Elder of Trog.
             Slain by an orc warrior
             ... wielding a +0 halberd
              (8 damage)
             ... in a bailey.
             The game lasted 00:14:24 (6423 turns).

BuddhaDhamma the Severer (Minotaur Berserker)       Turns: 6423, Time: 00:14:24

Health: 0/77       AC: 11    Str: 30    XL:     10   Next: 64%
Magic:  9/9        EV: 11    Int:  4    God:    Trog [****..]
Gold:   336        SH:  0    Dex:  8    Spells: 9/9 levels left

rFire   . . .      SeeInvis .   p - +3 hand axe
rCold   . . .      Faith    .   (no shield)
rNeg    . . .      Spirit   .   f - +4 ring mail of Hide-and-Seek {Fly Slay+5}
rPois   .          Reflect  .   (helmet restricted)
rElec   .          Harm     .   g - +1 cloak
rCorr   +          Rampage  .   (no gloves)
Will    +....                   (no boots)
Stlth   ..........              d - amulet of regeneration
HPRegen 1.02/turn               t - ring "Riwufoym" {Will+ rCorr Str+4 Dex-2}
MPRegen 0.11/turn               (no ring)

@: on berserk cooldown, flying, slowed, very slow
A: horns 2, retaliatory headbutt
a: Renounce Religion, Berserk, Trog's Hand, Brothers in Arms


You were in a bailey.
You worshipped Trog.
Trog was greatly pleased with you.
You visited 1 branch of the dungeon, and saw 8 of its levels.
You also visited: Ossuary and Bailey.

You collected 336 gold pieces.

Inventory:

Hand Weapons
 p - a +3 hand axe (weapon)
Missiles
 y - a throwing net (quivered)
Armour
 f - the +4 ring mail of Hide-and-Seek (worn) {Fly Slay+5}
   (You found it on level 2 of the Dungeon)

   Slay:      It affects your accuracy & damage with ranged weapons and melee
   (+5).
   Fly:       It grants you flight.
 g - a +1 cloak (worn)
Jewellery
 d - an amulet of regeneration (around neck)
 r - an amulet of faith
 t - the ring "Riwufoym" (left hand) {Will+ rCorr Str+4 Dex-2}
   (You found it on level 7 of the Dungeon)

   [ring of willpower]

   Str:       It affects your strength (+4).
   Dex:       It affects your dexterity (-2).
   rCorr:     It protects you from acid and corrosion.
   Will:      It increases your willpower.
Wands
 i - a wand of paralysis (8)
 z - a wand of roots (7)
 A - a wand of mindburst (11)
Scrolls
 b - 2 scrolls of amnesia
 j - 2 scrolls of torment
 k - a scroll of fog
 l - 5 scrolls of teleportation
 s - 3 scrolls of identify
 x - a scroll of enchant armour
Potions
 a - 2 potions of lignification
 c - 3 potions of flight
 e - 2 potions of haste
 h - 3 potions of curing
 m - a potion of degeneration
 n - a potion of berserk rage
 o - a potion of brilliance
 q - a potion of resistance
 u - a potion of attraction
 v - a potion of might


   Skills:
 - Level 3.6 Fighting
 + Level 18.9 Axes
 - Level 2.4 Armour
 - Level 2.1 Dodging


You had 9 spell levels left.
You didn't know any spells.
Your spell library was empty.

Dungeon Overview and Level Annotations

Branches:
Dungeon (8/15)             Temple (0/1) D:6         Ossuary (visited)
 Bailey (1/1)
   Lair: D:8-11

Altars:
Ashenzari
Fedhas
Gozag
Sif Muna
Trog
Wu Jian
The Shining One

Shops:
D:1 [


Innate Abilities, Weirdness & Mutations

You have a pair of horns on your head.
You reflexively headbutt those who attack you in melee.


Message History

You feel a strong urge to attack something.
You slash the orc warrior!
The orc warrior is moderately wounded.
The orc warrior hits you with a +0 glaive!
You slash the orc warrior!
The orc warrior is severely wounded.
You slice the orc warrior!!
You kill the orc warrior!
Trog accepts your kill.
You feel a strong urge to attack something.
You are no longer berserk.
You are exhausted.
You feel yourself slow down. The orc warrior barely misses you.
The orc warrior closely misses you.
The orc warrior hits you but does no damage.
Things that are here:
a +0 glaive; a +0 plate armour; an orc corpse You slash the orc warrior!
The orc warrior is moderately wounded.
The orc warrior misses you. You furiously retaliate!
You headbutt the orc warrior.
The orc knight roars a battlecry!
The orc warrior goes into a battle-frenzy!
You hit the orc warrior but do no damage.
The orc warrior is heavily wounded.
The orc warrior hits you with a +0 halberd!
You hit the orc warrior.
The orc warrior is heavily wounded.
The orc warrior hits you with a +0 halberd!!
* * * LOW HITPOINT WARNING * * *
You closely miss the orc warrior. You headbutt the orc warrior!
The orc warrior is almost dead.
The orc warrior hits you with a +0 halberd.
* * * LOW HITPOINT WARNING * * *
The orc warrior attacks as you move away!
The orc warrior closely misses you.
The orc warrior hits you from afar with a +0 halberd!
* * * LOW HITPOINT WARNING * * *
The orc warrior hits you from afar with a +0 halberd!
You die...

########### ##.........##
##..~~~~~~~..##
##..~~.)...~~..##
########..~~.)###..~~))###
.........~~..## ##..)~.)..
~~~~~~~~~~..##.∩.##..~~~)~
~........@)##.....##....).
~.#########o###+##########
... .≈§§≈ ≈≈o.... #
...⌠∩⌠. # §...⌠.. #+#
≈≈..... ##.# #.$.


You could see an orc warrior (strong).

Vanquished Creatures
  The ghost of Jingleheimer the Carver, a novice MiFi (D:7)
  Maurice (D:8)
  Joseph (D:7)
  Maggie (D:8)
  Sigmund (D:5)
  3 yaks (D:8)
  Menkaure (D:7)
  A water moccasin (D:5)
  4 orc warriors (Bailey)
  2 ice beasts (D:7)
  A black bear (D:4)
  A centaur (D:7)
  An ogre (D:5)
  2 phantoms
  2 bullfrogs
  A necrophage (D:7)
  A gnoll sergeant (D:5)
  3 scorpions
  15 wights
  5 killer bees (D:7)
  2 howler monkeys (D:8)
  3 jellies
  5 hounds
  2 orc priests (D:5)
  3 iguanas
  11 orc wizards
  13 mummies (Ossuary)
  17 gnolls (D:5)
  4 adders
  An ufetubus (D:5)
  A worm (D:2)
  4 dart slugs
  26 orcs
  13 endoplasms
  3 giant cockroaches
  12 goblins
  8 hobgoblins
  4 jackals (D:1)
  11 kobolds
  A quokka (D:1)
  6 ball pythons
  7 bats
  8 frilled lizards
  4 goblin skeletons (Ossuary)
  2 kobold skeletons (Ossuary)
  2 orc skeletons (Ossuary)
  7 rats
  11 rat skeletons (Ossuary)
239 creatures vanquished.

Vanquished Creatures (collateral kills)
  A yak (D:8)
  A kobold brigand (D:8)
  2 wights (D:8)
  An orc priest (D:8)
  2 orc wizards (D:8)
  An orc (D:8)
  3 kobolds (D:8)
11 creatures vanquished.

Grand Total: 250 creatures vanquished

Notes
Turn   | Place    | Note
-------+----------+-------------------------------------------
     0 | D:1      | BuddhaDhamma the Minotaur Berserker began the quest for the
                  | Orb.
     0 | D:1      | Reached XP level 1. HP: 19/19 MP: 0/0
    50 | D:1      | Reached skill level 4 in Axes
   132 | D:1      | Reached XP level 2. HP: 26/26 MP: 1/1
   196 | D:1      | Found a faded altar of an unknown god.
   237 | D:1      | Reached skill level 5 in Axes
   239 | D:1      | Reached ** piety under Trog
   242 | D:1      | Found Qunin's Antique Armour Emporium.
   261 | D:1      | Reached XP level 3. HP: 31/31 MP: 2/2
   871 | D:2      | Identified the +4 ring mail of Hide-and-Seek {Fly Slay+5}
  1295 | D:2      | Reached XP level 4. HP: 39/39 MP: 3/3
  1382 | D:2      | Reached skill level 6 in Axes
  1841 | D:3      | Found a blossoming altar of Fedhas.
  2206 | D:3      | Found a shimmering blue altar of Sif Muna.
  2347 | D:4      | Reached *** piety under Trog
  2373 | D:4      | Reached skill level 7 in Axes
  2373 | D:4      | Reached XP level 5. HP: 45/45 MP: 4/4
  2395 | D:4      | Reached skill level 8 in Axes
  2396 | D:4      | Reached XP level 6. HP: 15/51 MP: 5/5
  3131 | D:5      | Entered Level 5 of the Dungeon
  3139 | D:5      | Reached skill level 9 in Axes
  3180 | D:5      | Reached XP level 7. HP: 57/57 MP: 6/6
  3183 | D:5      | Reached skill level 10 in Axes
  3288 | D:5      | Found a broken altar of Ashenzari.
  3305 | D:5      | Noticed Sigmund
  3314 | D:5      | Killed Sigmund
  3315 | D:5      | Reached skill level 11 in Axes
  3467 | D:5      | Found a bloodstained altar of Trog.
  3472 | D:5      | Reached XP level 8. HP: 64/64 MP: 7/7
  3681 | D:5      | Found a glowing golden altar of the Shining One.
  3684 | D:5      | Found an opulent altar of Gozag.
  3686 | D:5      | Found an ornate altar of the Wu Jian Council.
  3771 | D:5      | Reached skill level 12 in Axes
  3832 | D:5      | Reached **** piety under Trog
  4165 | D:6      | Found a staircase to the Ecumenical Temple.
  4217 | D:6      | Reached skill level 13 in Axes
  4812 | D:7      | Reached skill level 14 in Axes
  4845 | D:7      | Reached XP level 9. HP: 70/70 MP: 8/8
  4866 | D:7      | Noticed Menkaure
  4868 | D:7      | Killed Menkaure
  4990 | D:7      | Reached skill level 15 in Axes
  5146 | D:7      | Found a large runed translucent door.
  5146 | D:7      | Found a large runed translucent door.
  5148 | D:7      | Noticed Jingleheimer's ghost (novice MiFi)
  5168 | D:7      | Noticed Joseph
  5184 | D:7      | Killed Joseph
  5330 | D:7      | Identified the ring "Riwufoym" {Will+ rCorr Str+4 Dex-2}
  5465 | D:7      | Found a sand-covered staircase.
  5475 | Ossuary  | Entered an ossuary
  5745 | Ossuary  | Reached skill level 16 in Axes
  5922 | D:7      | Killed Jingleheimer's ghost
  6005 | D:8      | Noticed Maggie
  6021 | D:8      | Killed Maggie
  6022 | D:8      | Reached skill level 17 in Axes
  6022 | D:8      | Reached XP level 10. HP: 77/77 MP: 9/9
  6023 | D:8      | Reached ***** piety under Trog
  6036 | D:8      | Received a gift from Trog
  6060 | D:8      | Reached skill level 18 in Axes
  6128 | D:8      | Noticed Maurice
  6148 | D:8      | Killed Maurice
  6169 | D:8      | Found a flagged portal.
  6179 | D:8      | Identified the +10 spear "Zibacaj" {vorpal, *Slow rElec
                  | rF+++ SInv}
  6182 | Bailey   | Entered a bailey
  6396 | Bailey   | Noticed an orc knight
  6423 | Bailey   | Slain by an orc warrior

Illustrated notes

Levels and vault maps discovered:
D:1:      wander_arrival_fairy_ring, layout_basic, serial_shops,
          nicolae_diamond_shop, hellmonk_ecumenical_altar_dog_temple
D:2:      minmay_skewed_foursquare, layout_basic
D:3:      cheibrodos_helix_gallery, layout_basic, marbit_many_paths,
          mainiacjoe_overflow_cross_hatched
D:4:      layout_cave_pods, minmay_a_box_with_orc_wizards_in_it
D:5:      layout_gridville, trog_book, mainiacjoe_overflow_small_starburst,
          minitemple, uniq_sigmund
D:6:      layout_loops_ring, temple_fountains
D:7:      layout_loops_cross, enter_ossuary_5, ebering_ghost_disaster_area,
          uniq_joseph, uniq_menkaure
D:8:      layout_loops_cross, dpeg_oklobed_lair, enter_bailey_2, uniq_maurice,
          uniq_maggie
Bailey:   bailey_polearm_1, bailey

Skill      XL: |  1  2  3  4  5  6  7  8  9 10 |
---------------+-------------------------------+-----
Axes           | 4 5 7 8 9 11 14 17 18 | 18.9
Fighting       | |  3.6
Armour         | |  2.4
Dodging        | |  2.1

Action                   |  1- 3 |  4- 6 |  7- 9 | 10-12 || total
-------------------------+-------+-------+-------+-------++-------
Melee: Hand axe          |    83 |    85 |   208 |    84 ||   460
       Headbutt          |    11 |     6 |    49 |    15 ||    81
       Punch             |     1 |     1 |     2 |     1 ||     5
Invok: Berserk           |       |     3 |     4 |     3 ||    10
       Brothers in Arms  |       |       |       |     1 ||     1
  Use: Scroll            |       |     8 |    10 |       ||    18
       Potion            |       |       |       |     2 ||     2
Armor: Ring mail         |    38 |    54 |    62 |    33 ||   187
Dodge: Dodged            |    47 |    67 |    89 |    60 ||   263
